 Dungeon Crawl Stone Soup version 0.20.1-1-g8b1a95d (webtiles) character file.

400 Ladhar the Cudgeler (level 6, -2/49 HPs)
             Began as a Draconian Skald on Oct 24, 2017.
             Slain by Grinder (5 damage)
             ... on level 3 of the Dungeon.
             The game lasted 00:33:05 (3077 turns).

Ladhar the Cudgeler (Draconian Skald)               Turns: 3077, Time: 00:33:05

Health: -2/49      AC: 14    Str: 15    XL:     6   Next: 54%
Magic:  9/9        EV: 12    Int: 13    God:
Gold:   187        SH:  0    Dex: 11    Spells: 8/9 levels left

rFire    . . .     SeeInvis +   k - +1 mace (protect)
rCold    + . .     Gourm    .   (no shield)
rNeg     . . .     Faith    .   (armour unavailable)
rPois    .         Spirit   .   (helmet restricted)
rElec    .         Reflect  .   (no cloak)
rCorr    .         Harm     .   (no gloves)
MR       .....                  n - +0 pair of boots
Stlth    +.........             y - amulet of regeneration
Regen    0.6/turn               o - ring of see invisible
MPRegen  0.2/turn               B - ring of protection from cold

@: protection aura
A: unfitting armour, cold-blooded, AC +6
a: no special abilities


You were on level 3 of the Dungeon.
You were hungry.

You visited 1 branch of the dungeon, and saw 5 of its levels.

You collected 187 gold pieces.

Inventory:

Hand Weapons
 k - a +1 mace of protection (weapon)
 z - a +0 hand axe of chopping
Missiles
 a - 7 tomahawks (quivered)
 e - 8 needles of sleeping
 j - 18 poisoned needles
Armour
 n - a +0 pair of boots (worn)
Jewellery
 o - a ring of see invisible (left hand)
 q - an uncursed amulet of rage
 y - an amulet of regeneration (around neck)
 B - a ring of protection from cold (right hand)
Scrolls
 g - a scroll of immolation {unknown}
 m - a scroll of random uselessness {unknown}
 r - a scroll of remove curse {unknown}
 s - a scroll of recharging {unknown}
 t - a scroll of blinking {unknown}
 u - a scroll of teleportation {unknown}
 x - a scroll of noise {unknown}
Potions
 d - 2 potions of agility {unknown}
 i - 3 potions of curing {unknown}
 p - a potion of lignification {unknown}
 v - 2 potions of brilliance {unknown}
 A - a potion of degeneration {unknown}
 C - 2 potions of cancellation {unknown}
Books
 b - a book of Battle

   Spells                             Type                      Level
   a - Infusion                       Charms                       1
   b - Shroud of Golubria             Charms/Translocation         2
   c - Song of Slaying                Charms                       2
   d - Spectral Weapon                Hexes/Charms                 3
   e - Regeneration                   Charms/Necromancy            3
Comestibles
 c - a bread ration
 f - 4 fruits
 h - 4 meat rations
 l - 4 royal jellies
 w - a chunk of flesh


   Skills:
 - Level 2.3 Fighting
 * Level 6.7 Maces & Flails
 - Level 2.3 Dodging
 - Level 2.2 Spellcasting
 - Level 2.9 Charms


You had 8 spell levels left.
You knew the following spells:

 Your Spells              Type           Power        Failure   Level  Hunger
a - Infusion              Chrm           #...         8%          1    ##.....


Dungeon Overview and Level Annotations

Branches:
Dungeon (5/15)
 Temple: D:4-7

Altars:
Kikubaaqudgha
Nemelex Xobeh
Sif Muna
Xom
Zin

Annotations:
D:3 Grinder
D:4 Sigmund


Innate Abilities, Weirdness & Mutations

Your plain brown scales are hard. (AC +6)
You cannot fit into any form of body armour.
You are cold-blooded and may be slowed by cold attacks.


Message History

Grinder is severely wounded.
Grinder barely misses you.
You hit Grinder but do no damage.
Grinder is severely wounded.
Grinder closely misses you.
You hit Grinder.
Grinder is severely wounded.
Grinder hits you!
* * * LOW HITPOINT WARNING * * *
You writhe in agony.
* * * LOW HITPOINT WARNING * * *
You hit Grinder.
Grinder is almost dead.
Grinder hits you but does no damage.
You hit Grinder.
Your tail-slap misses Grinder.
Grinder is almost dead.
Grinder hits you.
* * * LOW HITPOINT WARNING * * *
You writhe in agony.
You die...

### # #.. .
#.# ####### #
#.# #.....###
#.###........
#(##.........
#รท##.........
#@.(.........
#5##......###
#......(..#
###.5..####
#....# ####
#.#### #.. #.
###.# #. #...#
#...#


You could see Grinder.

Vanquished Creatures
  A crimson imp (D:5)
  A centaur zombie (D:4)
  An orc wizard (D:3)
  3 orc priests
  2 iguanas (D:4)
  Robin (D:2)
  6 adders
  A gnoll (D:1)
  A shadow imp (D:5)
  3 worms
  A leopard gecko (D:4)
  8 orcs
  5 bats
  A giant cockroach (D:5)
  13 goblins
  9 hobgoblins
  10 kobolds
  4 frilled lizards
  3 rats
74 creatures vanquished.

Notes
Turn   | Place    | Note
-------+----------+-------------------------------------------
     0 | D:1      | Ladhar the Draconian Skald began the quest for the Orb.
     0 | D:1      | Reached XP level 1. HP: 17/17 MP: 3/3
   265 | D:1      | Reached XP level 2. HP: 18/25 MP: 5/5
   644 | D:1      | Reached XP level 3. HP: 21/30 MP: 6/6
   678 | D:1      | Found a sparkling altar of Nemelex Xobeh.
   966 | D:2      | Reached skill level 3 in Maces & Flails
   987 | D:2      | Found a glowing silver altar of Zin.
   988 | D:2      | Noticed an angel
  1012 | D:2      | Found a shimmering altar of Xom.
  1156 | D:2      | Noticed Robin
  1273 | D:2      | Killed Robin
  1274 | D:2      | Reached XP level 4. HP: 32/37 MP: 7/7
  1622 | D:2      | Reached skill level 4 in Maces & Flails
  1692 | D:2      | Found a deep blue altar of Sif Muna.
  1849 | D:3      | Found an ancient bone altar of Kikubaaqudgha.
  2016 | D:3      | Reached skill level 5 in Maces & Flails
  2016 | D:3      | Reached XP level 5. HP: 27/42 MP: 8/8
  2371 | D:3      | You fall through a shaft for 2 floors!
  2371 | D:5      | Entered Level 5 of the Dungeon
  2412 | D:4      | Noticed Sigmund
  2713 | D:5      | Reached skill level 6 in Maces & Flails
  2713 | D:5      | Reached XP level 6. HP: 34/49 MP: 9/9
  2990 | D:3      | Noticed Grinder
  3039 | D:3      | Paralysed by Grinder for 7 turns
  3067 | D:3      | Paralysed by Grinder for 3 turns
  3077 | D:3      | Slain by Grinder

Skill      XL: |  1  2  3  4  5 |
---------------+----------------+-----
Maces & Flails | 3 5 6 |  6.7
Fighting       | |  2.3
Dodging        | |  2.3
Spellcasting   | |  2.2
Charms         | |  2.9

Action                   |  1- 3 |  4- 6 || total
-------------------------+-------+-------++-------
Melee: Mace              |   100 |   230 ||   330
       Tailslap          |     8 |    24 ||    32
Throw: Tomahawk          |       |     1 ||     1
 Cast: Infusion          |       |     1 ||     1
  Eat: Chunk             |     1 |     6 ||     7
Armor: Skin              |    46 |    94 ||   140
Dodge: Dodged            |    76 |   136 ||   212
